 Dungeon Crawl Stone Soup version 0.30.1-11-g7821555f0a (webtiles) character file.

Game seed: 6612682788399809659

53 PaiMei the Grave Robber (level 3, -3/26 HPs)
             Began as a Demonspawn Necromancer on Jan 12, 2024.
             Killed from afar by Ijyb (17 damage)
             ... with a bolt of dispelling energy
             ... on level 3 of the Dungeon.
             The game lasted 00:02:25 (2319 turns).

PaiMei the Grave Robber (Demonspawn Necromancer)    Turns: 2319, Time: 00:02:26

Health: -3/26      AC:  3    Str:  8    XL:     3   Next: 64%
Magic:  0/6        EV: 12    Int: 24    God:
Gold:   84         SH:  0    Dex: 13    Spells: 3/7 levels left

rFire   . . .        f - +0 hand axe
rCold   . . .        (no shield)
rNeg    . . .        a - +0 robe
rPois   .            (no helmet)
rElec   .            (no cloak)
rCorr   .            (no gloves)
SInv    .            o - +0 pair of boots
Will    .....        k - amulet of the acrobat
Stlth   ++           i - +6 ring of intelligence
HPRegen 0.24/turn    (no ring)
MPRegen 0.10/turn

%: acrobat
@: no status effects
A: powered by pain 1
a: no special abilities


You were on level 3 of the Dungeon.
You visited 1 branch of the dungeon, and saw 3 of its levels.

You collected 84 gold pieces.

Inventory:

Hand Weapons
 c - a +0 whip
 f - a +0 hand axe (weapon)
Missiles
 n - 5 poisoned darts (quivered)
Armour
 a - a +0 robe (worn)
 o - a +0 pair of boots (worn)
 s - the +4 ring mail of the Buccaneer {Regen+}
   (You found it on level 2 of the Dungeon)

   Regen:     It increases your rate of health regeneration.
Jewellery
 g - an amulet of faith
 i - a +6 ring of intelligence (left hand)
 k - an amulet of the acrobat (around neck)
Scrolls
 d - a scroll of fear {unknown}
 e - a scroll of poison {unknown}
 j - a scroll of noise {unknown}
 l - a scroll of immolation {unknown}
 p - 2 scrolls of silence {unknown}
Potions
 b - a potion of magic
 h - a potion of mutation {unknown}
 m - a potion of heal wounds {unknown}
 q - a potion of berserk rage {unknown}
 r - a potion of curing {unknown}


   Skills:
 + Level 1.1 Fighting
 + Level 2.3 Dodging
 - Level 2.0 Stealth
 + Level 2.5 Spellcasting
 + Level 4.8 Necromancy


You had 3 spell levels left.
You knew the following spells:

 Your Spells              Type           Power      Damage    Failure   Level
a - Necrotise             Necr           100%       1d9       1%          1
b - Vampiric Draining     Necr           26%        2d7       4%          3

Your spell library contained the following spells:

 Spells                   Type           Power      Damage    Failure   Level
 Ensorcelled Hibernation  Hex/Ice        6%         N/A       17%         2
 Passwall                 Tmut/Erth      2%         N/A       17%         2
 Swiftness                Air            3%         N/A       34%         3
 Animate Dead             Necr           26%        N/A       16%         4
 Agony                    Necr           26%        N/A       41%         5


Dungeon Overview and Level Annotations

Branches:
Dungeon (3/15)

Altars:

Shops:
D:2 [

Annotations:
D:3 Ijyb


Innate Abilities, Weirdness & Mutations

You sometimes gain a little power by taking damage.


Message History

Done waiting.
You start waiting.
Done waiting.
You climb downwards.
Level annotation: Ijyb
There is a stone staircase leading up here.
Casting: Necrotise (safe; 1% risk of failure)
Confirm with . or Enter, or press ? or * to list all spells.
The spell is quite dangerous to miscast (4% risk of failure)!
Continue anyway? [Y]es or [N]o only, please.
The spell is quite dangerous to miscast (4% risk of failure)!
Continue anyway? [Y]es or [N]o only, please.
The spell is quite dangerous to miscast (4% risk of failure)!
Continue anyway?
Okay, then.
Unknown command.
Casting: Vampiric Draining (quite dangerous; 4% risk of failure)
Confirm with . or Enter, or press ? or * to list all spells.
The spell is quite dangerous to miscast (4% risk of failure)!
Continue anyway? [Y]es or [N]o only, please.
The spell is quite dangerous to miscast (4% risk of failure)!
Continue anyway?
Aiming: Vampiric Draining (quite dangerous; 4% risk of failure)
Press: ? - help, Shift-Dir - straight line, f - Ijyb
Aim: Ijyb, wielding a +0 club, wearing a +0 leather armour and carrying a wand of quicksilver (3)
You draw life force from Ijyb.
Ijyb zaps a wand.
The bolt of dispelling energy hits you!
Casting: Vampiric Draining (quite dangerous; 4% risk of failure)
Confirm with . or Enter, or press ? or * to list all spells.
The spell is quite dangerous to miscast (4% risk of failure)!
Continue anyway? [Y]es or [N]o only, please.
The spell is quite dangerous to miscast (4% risk of failure)!
Continue anyway?
Aiming: Vampiric Draining (quite dangerous; 4% risk of failure)
Press: ? - help, Shift-Dir - straight line, f/p - Ijyb
Aim: Ijyb, wielding a +0 club, wearing a +0 leather armour and carrying a wand of quicksilver (2) (moderately wounded)
You draw life force from Ijyb.
You feel life coursing into your body. Ijyb hits you with a +0 club.
You hit Ijyb.
Ijyb is severely wounded.
Ijyb zaps a wand.
The bolt of dispelling energy hits you!
Ouch! That really hurt!
You die...

#.# #.# #.#
##..# #.# #...#
#.# ..... #.#
#.#.# #.# #.#.#
#@# #.#.# #g#
#.#)# #
#.#####.#.# .#
#....Z..Z.###.#
######Z.g.....#
#..Z...##..#
#.####.# # #
#.# ##)##.#
...g###.....#


You could see Ijyb.

Vanquished Creatures
  An adder (D:2)
  2 dart slugs (D:2)
  5 endoplasms (D:1)
  A giant cockroach (D:2)
  9 goblins
  3 hobgoblins (D:1)
  3 kobolds
  A quokka (D:1)
  4 ball pythons (D:1)
  4 bats
  3 rats
36 creatures vanquished.

Notes
Turn   | Place    | Note
-------+----------+-------------------------------------------
     0 | D:1      | PaiMei the Demonspawn Necromancer began the quest for the
                  | Orb.
     0 | D:1      | Reached XP level 1. HP: 13/13 MP: 3/3
   291 | D:1      | Gained mutation: You sometimes gain a little power by
                  | taking damage. [demonic ancestry]
   291 | D:1      | Reached XP level 2. HP: 19/19 MP: 3/5
  1286 | D:2      | Found Hakhlox's Antique Armour Boutique.
  1351 | D:2      | Reached XP level 3. HP: 25/25 MP: 3/6
  1355 | D:2      | Learned a level 3 spell: Vampiric Draining
  1793 | D:2      | Reached skill level 1 in Fighting
  1905 | D:2      | Identified the +4 ring mail of the Buccaneer {Regen+}
  2036 | D:3      | Noticed Ijyb
  2319 | D:3      | Killed from afar by Ijyb

Illustrated notes

Levels and vault maps discovered:
D:1:      psy_arrival_terrarium, layout_basic, minmay_statues_item
D:2:      layout_basic, serial_shops, nicolae_shop_dealshenge
D:3:      kennysheep_the_goblin_king, layout_loops_ring,
          eat_drink_and_be_merry_uskayaw, dreamdust_princess_corridor

Skill      XL: |  1  2  3 |
---------------+----------+-----
Stealth        | 2 |  2.0
Dodging        | 2 |  2.3
Fighting       | 1 |  1.1
Spellcasting   | |  2.5
Necromancy     | |  4.8

Action                     || total
---------------------------++-------
  Melee: Whip              ||     1
         Hand axe          ||     2
   Cast: Necrotise         ||    67
         Vampiric Draining ||     2
 Armour: Robe              ||     4
  Dodge: Dodged            ||     7
